 Dungeon Crawl Stone Soup version 0.28-a0-479-g5baa6b73be (webtiles) character file.

Game seed: 15779956525997733541

79 mg7810 the Skirmisher (level 4, -4/35 HPs)
             Began as a Demonspawn Monk on Sept 18, 2021.
             Slain by a gnoll (12 damage)
             ... on level 4 of the Dungeon.
             The game lasted 00:05:27 (2950 turns).

mg7810 the Skirmisher (Demonspawn Monk)             Turns: 2950, Time: 00:05:28

Health: -4/35      AC:  3    Str: 12    XL:     4   Next: 16%
Magic:  0/4        EV: 13    Int: 11    God:
Gold:   98         SH:  0    Dex: 16    Spells: 3/3 levels left

rFire   . . .      SeeInvis .   d - +2 war axe (venom)
rCold   . . .      Faith    .   (no shield)
rNeg    . . .      Spirit   +   b - +0 robe
rPois   .          Reflect  .   (no helmet)
rElec   .          Harm     .   c - +0 cloak
rCorr   .          Rampage  .   (no gloves)
Will    .....                   (no boots)
Stlth   ++........              i - amulet of guardian spirit
HPRegen 0.11/turn               (no ring)
MPRegen 0.18/turn               (no ring)

@: no status effects
A: spiny 1, magic regeneration
a: no special abilities


You were on level 4 of the Dungeon.
You visited 1 branch of the dungeon, and saw 4 of its levels.

You collected 98 gold pieces.

Inventory:

Hand Weapons
 a - a +0 falchion
 d - a +2 war axe of venom (weapon)
Armour
 b - a +0 robe (worn)
 c - a +0 cloak (worn)
Jewellery
 i - an amulet of guardian spirit (around neck)
Scrolls
 e - 3 scrolls of identify {unknown}
 f - a scroll of amnesia {unknown}
 l - a scroll of teleportation {unknown}
Potions
 g - 2 potions of mutation {unknown}
 h - a potion of brilliance {unknown}
 j - 2 potions of attraction {unknown}
 k - a potion of resistance {unknown}
 m - a potion of lignification {unknown}
 n - a potion of flight {unknown}


   Skills:
 + Level 3.4 Fighting
 - Level 3.0 Long Blades
 * Level 1.6 Axes
 * Level 0.7 Armour
 + Level 3.1 Dodging
 - Level 2.0 Stealth
 * Level 0.7 Unarmed Combat


You had 3 spell levels left.
You didn't know any spells.
Your spell library was empty.

Dungeon Overview and Level Annotations

Branches:
Dungeon (4/15)             Temple (0/1) D:4

Altars:
Beogh

Shops:
D:3 *

Annotations:
D:3 4 runed translucent doors, Crazy Yiuf; spiderkeys's ghost, amateur OpAK


Innate Abilities, Weirdness & Mutations

You are partially covered in sharp spines.
You regenerate magic rapidly.


Message History

The orc is struck by your spines. The orc barely misses you.
A gnoll comes into view. It is wielding a +4 spear.
The orc moves out of view.
Things that are here:
a +0 hand axe; a scroll labelled QEDOATA DUPISH The gnoll shouts!
You slash the orc!
You kill the orc!
You hear a shout!
A gnoll comes into view. It is wielding a +0 flail.
Items here: ) / ? †.
A gnoll comes into view. It is wielding a +0 halberd.
The gnoll is struck by your spines. The gnoll hits you with a +4 spear.
The orc is struck by your spines. The orc hits you with a +0 dagger.
You closely miss the gnoll.
The gnoll is heavily wounded.
The gnoll shouts!
You hit the orc.
You kill the orc!
You hear a shout!
The gnoll closely misses you. x2; The gnoll hits you with a +4 spear.
You have reached level 4!
You feel agile.
Your demonic ancestry asserts itself...
Your magic begins to regenerate rapidly.
You barely miss the gnoll.
The gnoll is heavily wounded.
You slash the gnoll!
The gnoll is poisoned.
The gnoll barely misses you. The gnoll hits you with a +4 spear.
You closely miss the gnoll.
The gnoll is heavily wounded.
You closely miss the gnoll.
You kill the gnoll!
The gnoll is struck by your spines. The gnoll hits you with a +4 spear!
A goblin comes into view. It is wielding a +0 club.
The gnoll barely misses you. The gnoll hits you with a +4 spear!
* * * LOW HITPOINT WARNING * * *
You completely miss the gnoll.
The gnoll is severely wounded.
The gnoll hits you from afar with a +0 halberd!
You die...

########..(..####
.......'.........
###########.....##
..........'.....#
........###.....#
##.####.# #.....#
#.##...####'#### #
#.##.#....#.######..#
#.#.......).)).@g...#
#.#......≈≈≈≈≈..)...#
#.#....≈≈≈≈≈≈≈≈≈.g.....
#.. .≈≈≈≈≈≈≈≈≈≈≈≈≈...##
##..≈≈≈≈≈≈...≈≈≈≈≈≈...#
≈≈≈≈≈≈.>.≈≈≈≈≈≈.#.#
≈≈≈≈≈≈...≈≈≈≈≈≈g...
≈≈≈≈≈≈≈.≈≈≈≈≈≈≈.#.


You could see 2 gnolls and a goblin.

Vanquished Creatures
  A gnoll (D:4)
  An adder (D:2)
  An ufetubus (D:4)
  2 adder skeletons
  A worm (D:3)
  A dart slug (D:2)
  3 orcs (D:4)
  5 ball pythons
  3 endoplasms
  A hobgoblin (D:3)
  7 kobolds
  4 bats
  3 frilled lizards
  6 goblins
  4 rats (D:1)
43 creatures vanquished.

Notes
Turn   | Place    | Note
-------+----------+-------------------------------------------
     0 | D:1      | mg7810 the Demonspawn Monk began the quest for the Orb.
     0 | D:1      | Reached XP level 1. HP: 18/18 MP: 1/1
   321 | D:1      | Gained mutation: You are partially covered in sharp spines.
                  | [demonic ancestry]
   321 | D:1      | Reached XP level 2. HP: 24/24 MP: 2/2
  1221 | D:2      | Reached XP level 3. HP: 21/29 MP: 3/3
  1924 | D:3      | Noticed spiderkeys's ghost (amateur OpAK)
  1925 | D:3      | Identified the +6 chain mail "Xirixaf" {Harm rElec rCorr
                  | Str-3 Dex+3}
  1974 | D:3      | Found a runed translucent gate.
  2129 | D:3      | Found a runed translucent gate.
  2130 | D:3      | Found a runed translucent gate.
  2411 | D:3      | Reached skill level 1 in Axes
  2558 | D:3      | Found Wygo's Assorted Antiques.
  2634 | D:3      | Found a runed translucent door.
  2635 | D:3      | Noticed Crazy Yiuf
  2935 | D:4      | Found a staircase to the Ecumenical Temple.
  2948 | D:4      | Gained mutation: You regenerate magic rapidly. [demonic
                  | ancestry]
  2948 | D:4      | Reached XP level 4. HP: 25/35 MP: 2/4
  2950 | D:4      | Slain by a gnoll

Illustrated notes

Levels and vault maps discovered:
D:1:      wander_arrival_desolate, layout_loops_corners
D:2:      layout_basic, eino_tiny_chamber
D:3:      layout_basic, biasface_ghost_orc_armoury, serial_shops,
          nicolae_lakefront_shop, uniq_crazy_yiuf_cottage
D:4:      layout_basic, temple_pool_b

Skill      XL: |  1  2  3 |
---------------+----------+-----
Stealth        | 2 |  2.0
Long Blades    | 3 |  3.0
Dodging        | 3 |  3.1
Axes           | 1 |  1.6
Fighting       | |  3.4
Armour         | |  0.7
Unarmed Combat | |  0.7

Action                   |  1- 3 |  4- 6 || total
-------------------------+-------+-------++-------
Melee: Falchion          |    35 |       ||    35
       War axe           |    50 |     3 ||    53
 Stab: Sleeping          |     2 |       ||     2
Armor: Robe              |    41 |       ||    41
Dodge: Dodged            |    61 |     2 ||    63

Table legend: (Time is in decaauts)
 A = Elapsed time spent in this place.
 B = Non-inter-level travel time spent in this place.
 C = Inter-level travel time spent in this place.
 D = Time resting spent in this place.
 E = Time spent auto-exploring this place.
 F = Levels seen in this place.
 G = Mean time per level.
                   A        B        C        D        E       F      G
               +--------+--------+--------+--------+--------+-----+--------+
         Total |   2978 |   2934 |     44 |      0 |   2448 |   4 |  744.5 |
       Dungeon |   2978 |   2934 |     44 |      0 |   2448 |   4 |  744.5 |
               +--------+--------+--------+--------+--------+-----+--------+

Top non-repeatable levels by time:
     D:3: 939 daAuts
     D:1: 936 daAuts
     D:2: 877 daAuts
     D:4: 224 daAuts
